 Dungeon Crawl Stone Soup version 0.23-a0-241-g3b46b07 (webtiles) character file.

5449 galech the Cleaver (level 10, 0/76 HPs)
             Began as a Demonspawn Fighter on Sept 27, 2018.
             Was a Believer of Okawaru.
             Slain by a two-headed ogre
             ... wielding a +0 giant spiked club
              (21 damage)
             ... on level 9 of the Dungeon.
             The game lasted 00:14:27 (7225 turns).

galech the Cleaver (Demonspawn Fighter)             Turns: 7225, Time: 00:14:28

Health: 0/76       AC: 12    Str: 18    XL:     10   Next: 41%
Magic:  10/10      EV: 10    Int:  9    God:    Okawaru [**....]
Gold:   433        SH: 10    Dex: 15    Spells: 9/9 levels left

rFire    . . .     SeeInvis .   a - +1 war axe
rCold    . . .     Gourm    .   c - +0 shield
rNeg     . . .     Faith    .   g - +1 ring mail {rPois}
rPois    +         Spirit   .   l - +0 helmet
rElec    .         Reflect  .   (no cloak)
rCorr    .         Harm     .   (no gloves)
MR       .....                  (boots unavailable)
Stlth    +.........             (no amulet)
HPRegen  0.22/turn              j - +2 ring of protection
MPRegen  0.12/turn              F - +1 ring of slaying

@: no status effects
A: hooves 3, slimy green scales 1, spiny 2
a: Heroism, Renounce Religion


You were on level 9 of the Dungeon.
You worshipped Okawaru.
Okawaru was pleased with you.
You were not hungry.

You visited 2 branches of the dungeon, and saw 10 of its levels.
You also visited: Sewer.

You collected 433 gold pieces.

Inventory:

Hand Weapons
 a - a +1 war axe (weapon)
Armour
 c - a +0 shield (worn)
 g - a +1 ring mail of poison resistance (worn)
 l - a +0 helmet (worn)
 y - a +0 plate armour
 A - a +0 chain mail of poison resistance
 D - a +0 ring mail of magic resistance
Jewellery
 j - a +2 ring of protection (left hand)
 t - an uncursed ring of fire
 w - an uncursed ring of protection from magic
 F - a +1 ring of slaying (right hand)
Wands
 C - a wand of flame (25)
 E - a wand of iceblast (9)
Scrolls
 e - 2 scrolls of fear
 i - 6 scrolls of remove curse
 m - 2 scrolls of fog
 n - 6 scrolls of teleportation
 q - a scroll of magic mapping {unknown}
 r - 3 scrolls of enchant armour
 s - a scroll of summoning {unknown}
 z - a scroll of holy word {unknown}
 B - a scroll of identify
Potions
 b - a potion of haste {unknown}
 d - 3 potions of might
 h - 3 potions of flight
 k - 2 potions of curing {unknown}
 o - a potion of magic {unknown}
 p - a potion of experience {unknown}
 u - 2 potions of agility {unknown}
 v - 2 potions of heal wounds {unknown}
 x - 4 potions of degeneration {unknown}
Comestibles
 f - 12 rations
 G - 9 chunks of flesh


   Skills:
 + Level 6.3 Fighting
 + Level 10.2 Axes
 + Level 5.8 Armour
 + Level 2.9 Dodging
 + Level 1.0 Stealth
 + Level 6.7 Shields
 + Level 0.4 Invocations


You had 9 spell levels left.
You didn't know any spells.
Your spell library contained the following spells:

 Spells                   Type           Power        Failure   Level  Hunger
 Apportation              Tloc           #.....       89%         1    ##.....
 Summon Butterflies       Summ           #.......     89%         1    ##.....
 Lesser Beckoning         Tloc           #.........   99%         3    ####...
 Tukima's Dance           Hex            #.......     99%         3    ####...
 Alistair's Intoxication  Tmut/Pois      #.......     100%        5    ######.
 Invisibility             Hex            #.......     100%        6    #######


Dungeon Overview and Level Annotations

Branches:
Dungeon (9/15)             Temple (1/1) D:7
   Lair: D:8-11         Orc: D:9-12

Altars:
Kikubaaqudgha
Okawaru
Trog
Uskayaw
Vehumet
Xom
Yredelemnul
The Shining One

Shops:
D:4 *   D:7 =


Innate Abilities, Weirdness & Mutations

You have hooves in place of feet.
You are partially covered in slimy green scales. (AC +2)
You are mostly covered in sharp spines.


Message History

You block the two-headed ogre's attack.
The two-headed ogre hits you with a giant club!
You are too injured to fight recklessly!
You are too injured to fight recklessly!
You are too injured to fight recklessly!
You are too injured to fight recklessly!
You are too injured to fight recklessly!
You are too injured to fight recklessly!
You are too injured to fight recklessly!
You are too injured to fight recklessly!
You are too injured to fight recklessly!
You are too injured to fight recklessly!
You are too injured to fight recklessly!
You are too injured to fight recklessly!
You barely miss the two-headed ogre.
The two-headed ogre is severely wounded.
The two-headed ogre hits you with a giant spiked club!
* * * LOW HITPOINT WARNING * * *
The two-headed ogre hits you with a giant club!!
You die...

#..........# #.......#
#..........# #..#..#.#
#.........O##########.......####
#.....#'##.........##....#.....#
#.###.#..#....#....###.......#.#
#.#.O#.#..#..#.# #.......#.#
..#..#.........###.._......#
.##..##########............#
..#.........@O.#..#.......#.#
..#######.######............#
###.## #########....# #....#
#.#... #.#### #..... ######.##
#..... #.......# #.##..
####..### #..... ####..#
......####.


You could see a two-headed ogre.

Vanquished Creatures
  A two-headed ogre (D:8)
  Pikel (D:6)
  A troll (D:8)
  A hippogriff (D:8)
  5 yaks (D:9)
  2 hungry ghosts
  Edmund (D:6)
  4 slaves (D:6)
  3 orc warriors (D:8)
  5 ogres
  2 centaurs
  A crocodile (Sewer)
  A big kobold (D:7)
  2 bullfrogs
  3 scorpions
  A wyvern skeleton (D:9)
  5 killer bees (D:8)
  5 wights (D:6)
  3 howler monkeys
  4 crimson imps
  A bullfrog zombie (D:6)
  6 orc wizards
  A bullfrog skeleton (D:5)
  2 orc priests
  3 hounds
  3 iguanas
  7 worker ants
  A killer bee zombie (D:8)
  A hound skeleton (D:4)
  3 gnolls (D:9)
  9 adders
  2 shadow imps
  An adder skeleton (D:7)
  A worm (D:3)
  4 dart slugs
  2 leopard geckos
  15 orcs
  4 ball pythons
  12 bats
  4 giant cockroaches
  15 hobgoblins
  10 jackals
  3 quokkas
  A ball python zombie (D:5)
  3 frilled lizards
  A giant cockroach zombie (D:6)
  5 goblins
  16 kobolds
  A leopard gecko skeleton (D:4)
  10 rats
  A plant (D:9)
199 creatures vanquished.

Vanquished Creatures (others)
  A human (D:3)
  3 plants (D:9)
4 creatures vanquished.

Grand Total: 203 creatures vanquished

Notes
Turn   | Place    | Note
-------+----------+-------------------------------------------
     0 | D:1      | galech the Demonspawn Fighter began the quest for the Orb.
     0 | D:1      | Reached XP level 1. HP: 18/18 MP: 1/1
   116 | D:1      | Gained mutation: You are partially covered in slimy green
                  | scales. (AC +2) [demonic ancestry]
   116 | D:1      | Reached XP level 2. HP: 23/24 MP: 2/2
   128 | D:1      | Reached skill level 2 in Axes
   503 | D:2      | Gained mutation: You have large cloven feet. [demonic
                  | ancestry]
   503 | D:2      | Reached XP level 3. HP: 26/29 MP: 3/3
   768 | D:2      | Found a shimmering altar of Xom.
   860 | D:2      | Gained mutation: You are partially covered in sharp spines.
                  | [demonic ancestry]
   860 | D:2      | Reached XP level 4. HP: 35/35 MP: 4/4
  1546 | D:3      | Reached skill level 3 in Axes
  1577 | D:3      | Noticed a hungry ghost
  1718 | D:4      | Noticed a hungry ghost
  1731 | D:4      | Killed a hungry ghost
  1731 | D:4      | Gained mutation: You have hoof-like feet. [demonic
                  | ancestry]
  1731 | D:4      | Reached XP level 5. HP: 41/42 MP: 5/5
  1799 | D:4      | Reached XP level 6. HP: 44/48 MP: 6/6
  1838 | D:4      | Reached skill level 4 in Axes
  1838 | D:4      | Reached skill level 1 in Dodging
  2039 | D:3      | Killed a hungry ghost
  2039 | D:3      | Gained mutation: You are mostly covered in sharp spines.
                  | [demonic ancestry]
  2039 | D:3      | Reached XP level 7. HP: 48/54 MP: 7/7
  2245 | D:3      | Found an ancient bone altar of Kikubaaqudgha.
  2247 | D:3      | Noticed a human
  2250 | D:3      | Killed a human
  2545 | D:4      | Found Syilec's Elemental Accessories.
  2916 | D:4      | Got a scorched short sword
  2917 | D:4      | Identified the cursed +1 short sword "Cenahivu" {protect,
                  | Fragile rPois rF+ Dex+2} (You found it on level 4 of the
                  | Dungeon)
  3003 | D:5      | Entered Level 5 of the Dungeon
  3168 | D:4      | Reached skill level 5 in Axes
  3879 | D:5      | You fall through a shaft!
  3879 | D:6      | Noticed Edmund
  3883 | D:6      | Gained mutation: You have hooves in place of feet. [demonic
                  | ancestry]
  3883 | D:6      | Reached XP level 8. HP: 58/61 MP: 8/8
  3895 | D:6      | Killed Edmund
  3895 | D:6      | Reached skill level 6 in Axes
  3941 | D:6      | Reached skill level 5 in Shields
  4091 | D:6      | Reached skill level 7 in Axes
  4119 | D:6      | Noticed Pikel
  4140 | D:6      | Killed Pikel
  4140 | D:6      | Reached skill level 5 in Fighting
  4140 | D:6      | Reached skill level 5 in Armour
  4140 | D:6      | Reached XP level 9. HP: 21/68 MP: 9/9
  4235 | D:6      | Found a glowing drain.
  4245 | Sewer    | Entered a sewer
  4878 | D:7      | Reached skill level 8 in Axes
  5040 | D:7      | Found a radiant altar of Vehumet.
  5132 | D:7      | Found Kosh's Jewellery Emporium.
  5229 | D:7      | Found a staircase to the Ecumenical Temple.
  5235 | Temple   | Entered the Ecumenical Temple
  5240 | Temple   | Became a worshipper of Warmaster Okawaru
  5599 | D:8      | Noticed a two-headed ogre
  5609 | D:8      | Killed a two-headed ogre
  5609 | D:8      | Reached * piety under Okawaru
  5609 | D:8      | Reached skill level 9 in Axes
  5609 | D:8      | Reached skill level 1 in Stealth
  6088 | D:8      | Reached XP level 10. HP: 72/76 MP: 10/10
  6538 | D:8      | Reached ** piety under Okawaru
  6972 | D:9      | Found a basalt altar of Yredelemnul.
  7023 | D:9      | Reached skill level 10 in Axes
  7071 | D:9      | Noticed a two-headed ogre
  7225 | D:9      | Slain by a two-headed ogre

Vault maps used:
D:1:      minmay_arrival_solitary_statue
D:2:      xom_teletrap_fun
D:3:      first_ration, hangedman_decor_riveting, st_stairs_14,
          tgw_kikubaaqudgha
D:4:      minmay_misc_feat_alley, nicolae_elemental_shop
D:5:      sigmund_army
D:6:      cheibrodos_sewer_entry_sluice, uniq_pikel, uniq_edmund
D:7:      vehumet_altar_wand_db, temple_green, serial_shops,
          kennysheep_little_box
D:9:      minmay_orc_entry_temple_small, basic_altar, kennysheep_boxes
Temple:   regret_index_temple_chain_breaker
Sewer:    sewer_the_crocodile

Skill      XL: |  1  2  3  4  5  6  7  8  9 10 |
---------------+-------------------------------+-----
Armour         | 3 4 5 |  5.8
Axes           | 2 3 4 5 7 9 10 | 10.2
Shields        | 3 4 5 6 |  6.7
Dodging        | 1 2 |  2.9
Fighting       | 4 5 6 |  6.3
Stealth        | 1 |  1.0
Invocations    | |  0.4

Action                   |  1- 3 |  4- 6 |  7- 9 | 10-12 || total
-------------------------+-------+-------+-------+-------++-------
Melee: War axe           |    96 |    83 |   241 |    64 ||   484
       Kick              |     9 |    20 |    80 |    23 ||   132
Invok: Heroism           |       |       |       |     1 ||     1
  Use: Scroll            |       |     6 |     6 |       ||    12
  Eat: Chunk             |       |     7 |    15 |     3 ||    25
Armor: Scale mail        |    62 |    35 |    23 |       ||   120
       Plate armour      |       |       |    55 |       ||    55
       Ring mail         |       |       |    10 |    26 ||    36
       Chain mail        |       |       |     9 |       ||     9
Dodge: Dodged            |    32 |    22 |    45 |    24 ||   123
Block: Shield            |    52 |    47 |   161 |    37 ||   297

Table legend:
 A = Non-vault XP
 B = Vault XP
 C = Vault XP percentage of total XP
 D = Non-vault monster count
 E = Vault monster count
 F = Vault count percentage of total count
                 A         B        C        D         E       F
            +---------+---------+-------+---------+---------+-------
      Total |    6847 |     938 |  12.0 |     175 |      19 |   9.8
            +---------+---------+-------+---------+---------+-------
        D:1 |      28 |       0 |   0.0 |      15 |       0 |   0.0
        D:2 |      77 |       0 |   0.0 |      24 |       0 |   0.0
        D:3 |     270 |       2 |   0.7 |      27 |       1 |   3.6
        D:4 |     710 |       0 |   0.0 |      17 |       0 |   0.0
        D:5 |     304 |      12 |   3.8 |       8 |       6 |  42.9
        D:6 |     991 |     810 |  45.0 |      29 |       5 |  14.7
        D:7 |     503 |       2 |   0.4 |      18 |       1 |   5.3
        D:8 |    2789 |       0 |   0.0 |      27 |       0 |   0.0
        D:9 |    1175 |       0 |   0.0 |      10 |       0 |   0.0
      Sewer |       0 |     112 | 100.0 |       0 |       6 | 100.0
            +---------+---------+-------+---------+---------+-------
